 Dungeon Crawl Stone Soup version 0.23-a0-332-g9fe5f1002e (webtiles) character file.

54352 Flugkiller the Spear-Bearer (level 14, -6/94 HPs)
             Began as an Octopode Wizard on Oct 17, 2018.
             Was an Initiate of Gozag.
             Killed from afar by a tengu reaver (46 damage)
             ... with a fireball
             ... on level 12 of the Dungeon.
             The game lasted 01:27:44 (37608 turns).

Flugkiller the Spear-Bearer (Octopode Wizard)      Turns: 37608, Time: 01:27:44

Health: -6/94      AC:  3    Str:  7    XL:     14   Next: 72%
Magic:  20/26      EV: 23    Int: 30    God:    Gozag
Gold:   4165       SH: 10    Dex: 15    Spells: 11/29 levels left

rFire    . . .     SeeInvis .   B - +0 trident (flame)
rCold    + . .     Gourm    .   n - +0 buckler
rNeg     . . .     Faith    .   A - +2 hat "Koidajad" {rC+}
rPois    .         Spirit   .   P - +5 amulet of reflection
rElec    .         Reflect  +   F - ring of stealth
rCorr    .         Harm     .   e - ring of Grace {MR+ Dex+4}
MR       +++..                  I - ring of protection from magic
Stlth    +++++.....             J - ring of wizardry
HPRegen  0.25/turn              O - +6 ring of intelligence
MPRegen  0.20/turn              (no ring)
                                (no ring)
                                (no ring)

@: about to teleport, gold aura
A: almost no armour, stealthy swim, amphibious, 8 rings, constrict 8, camouflage
1, gelatinous body 1
a: Potion Petition, Call Merchant, Bribe Branch, Renounce Religion


You were on level 12 of the Dungeon.
You worshipped Gozag.
Gozag was most pleased with you.
You were not hungry.

You visited 2 branches of the dungeon, and saw 18 of its levels.

You collected 5246 gold pieces.
You spent 520 gold pieces at shops.
You paid 561 gold pieces to Gozag.

Inventory:

Hand Weapons
 d - a +0 short sword
   (You found it on level 1 of the Dungeon)
 f - the +8 dagger of Teuti {pierce, Dex+2}
   (You took it off a gnoll on level 4 of the Dungeon)

   It inflicts extra damage upon your enemies.
   It affects your dexterity (+2).
 m - a +1 spear
   (You found it on level 1 of the Dungeon)
 B - a +0 trident of flaming (weapon)
   (You took it off an orc warrior on level 9 of the Dungeon)
 G - the +2 war axe "Farphiet" {antimagic, +Inv Int+6}
   (You found it on level 3 of the Lair of Beasts)

   It reduces the magical energy of the wielder, and disrupts the spells and
   magical abilities of those hit.
   Natural abilities and divine invocations are not affected.
   It affects your intelligence (+6).
   It lets you turn invisible.
 H - the +7 rapier "Imuypty" {venom, *Corrode rPois Dex+6}
   (You took it off an orc warrior on level 12 of the Dungeon)

   It poisons the flesh of those it strikes.
   It affects your dexterity (+6).
   It protects you from poison.
   It may corrode you when you take damage.
Missiles
 x - a throwing net (quivered)
Armour
 n - a +0 buckler (worn)
   (You found it on level 2 of the Dungeon)
 A - the +2 hat "Koidajad" (worn) {rC+}
   (You acquired it on level 8 of the Dungeon)

   It protects you from cold.
Jewellery
 e - the ring of Grace (right tentacle) {MR+ Dex+4}
   (You found it on level 4 of the Lair of Beasts)

   [ring of protection from magic]

   It affects your dexterity (+4).
   It affects your resistance to hostile enchantments.
 y - a +2 amulet of reflection
   (You found it on level 6 of the Dungeon)
 F - a ring of stealth (left tentacle)
   (You found it on level 3 of the Lair of Beasts)
 I - a ring of protection from magic (on tentacle)
   (You found it on level 4 of the Lair of Beasts)
 J - a ring of wizardry (on tentacle)
   (You found it on level 5 of the Lair of Beasts)
 O - a +6 ring of intelligence (on tentacle)
   (You found it on level 6 of the Lair of Beasts)
 P - a +5 amulet of reflection (around mantle)
   (You found it on level 6 of the Lair of Beasts)
Wands
 g - a wand of enslavement (5)
   (You found it on level 7 of the Dungeon)
 w - a wand of polymorph (33)
   (You took it off Duvessa on level 7 of the Dungeon)
 E - a wand of iceblast (15)
   (You found it on level 3 of the Lair of Beasts)
 K - a wand of disintegration (25)
   (You found it on level 5 of the Lair of Beasts)
 L - a wand of scattershot (6)
   (You took it off an orc wizard on level 10 of the Dungeon)
 N - a wand of flame (24)
   (You found it on level 11 of the Dungeon)
 U - a wand of clouds (4)
   (You found it on level 11 of the Dungeon)
Scrolls
 a - 5 scrolls of remove curse
 h - 4 scrolls of teleportation
 j - 5 scrolls of fog
 o - 4 scrolls of enchant armour
 p - 2 scrolls of fear
 q - 4 scrolls of enchant weapon
 r - 4 scrolls of immolation
 s - 3 scrolls of magic mapping
 z - 5 scrolls of amnesia
 S - 3 scrolls of identify
Potions
 b - 2 potions of haste
 i - 2 potions of agility
 k - 3 potions of might
 l - 2 potions of flight
 t - 6 potions of curing
 u - a potion of magic
 v - 3 potions of resistance
 C - 4 potions of mutation
 D - a potion of ambrosia
 M - a potion of invisibility
 Q - a potion of heal wounds
Miscellaneous
 R - 2 sacks of spiders
 T - a box of beasts
Comestibles
 c - 12 rations


   Skills:
 + Level 8.1 Fighting
 - Level 14.0 Polearms
 + Level 13.8 Dodging
 - Level 5.1 Stealth
 - Level 4.2 Shields
 + Level 8.2 Spellcasting
 - Level 5.7 Conjurations
 - Level 2.0 Charms
 + Level 3.9 Summonings
 - Level 2.0 Necromancy
 - Level 2.1 Translocations
 - Level 1.0 Fire Magic
 - Level 2.0 Ice Magic
 - Level 1.2 Air Magic
 - Level 1.0 Poison Magic
 - Level 4.2 Evocations


You had 11 spell levels left.
You knew the following spells:

 Your Spells              Type           Power        Failure   Level  Hunger
a - Magic Dart            Conj           ####         1%          1    None
b - Call Imp              Summ           #####...     1%          2    None
c - Conjure Flame         Conj/Fire      ####....     1%          3    None
d - Mephitic Cloud        Conj/Pois/Air  ####....     1%          3    None
e - Regeneration          Chrm/Necr      ###.......   2%          3    None
f - Summon Ice Beast      Ice/Summ       ####....     4%          4    #......
r - Blink                 Tloc           N/A          1%          2    None

Your spell library contained the following spells:

 Spells                   Type           Power        Failure   Level  Hunger
 Animate Skeleton         Necr           N/A          1%          1    None
 Apportation              Tloc           ###...       1%          1    None
 Confusing Touch          Hex            ##....       1%          1    None
 Pain                     Necr           ###.         1%          1    None
 Summon Butterflies       Summ           #####...     1%          1    None
 Summon Small Mammal      Summ           ####         1%          1    None
 Slow                     Hex            ##......     2%          2    None
 Summon Guardian Golem    Hex/Summ       ###.....     2%          3    None
 Iskenderun's Battlesphe  Conj/Chrm      #####...     10%         5    ####...
 Venom Bolt               Conj/Pois      ####......   12%         5    ####...
 Irradiate                Conj/Tmut      ####......   14%         5    ####...
 Bolt of Magma            Conj/Fire/Erth ####......   19%         5    ####...
 Excruciating Wounds      Chrm/Necr      ###.......   21%         5    ####...
 Iron Shot                Conj/Erth      ####......   58%         6    ######.
 Orb of Destruction       Conj           #####.....   77%         7    #######
 Spellforged Servitor     Conj/Summ      #####.....   86%         7    #######
 Hydra Form               Tmut           ##........   92%         6    ######.
 Statue Form              Tmut/Erth      ##.......    92%         6    ######.
 Dragon Form              Tmut           ##........   100%        7    #######


Dungeon Overview and Level Annotations

Branches:
Dungeon (12/15)            Temple (0/1) D:7            Lair (6/6) D:9
 Shoals (0/4) Lair:2       Spider (0/4) Lair:3        Slime (0/5) Lair:5
    Orc (0/2) D:10

Altars:
Ashenzari
Dithmenos
Elyvilon
Fedhas
Gozag
Kikubaaqudgha
Makhleb
Nemelex Xobeh
Okawaru
Sif Muna
Trog
Xom
Yredelemnul
Zin
The Shining One

Shops:
D:4 ?

Annotations:
Lair:2 exclusions: 4 death yaks and 4 oklob plants
Lair:6 exclusions: 2 doors and 1 more exclusion


Innate Abilities, Weirdness & Mutations

You cannot wear most types of armour.
You are very stealthy in the water. (Stealth+)
You are amphibious.
You can wear up to eight rings at the same time.
You can use your tentacles to constrict eight enemies at once.
Your skin changes colour to match your surroundings (Stealth+).
Your rubbery body absorbs attacks. (AC +1, EV +1)


Message History

You kill the cyan ugly thing!
Casting: Conjure Flame (safe; 1% risk of failure)
Confirm with . or Enter, or press ? or * to list all spells.
Aiming: Mephitic Cloud (safe; 1% risk of failure)
Press: ? - help, Shift-Dir - straight line, f - troll, p - worker ant
Aim: a troll The ball explodes into a vile cloud!
The stinking cloud engulfs the troll.
The stinking cloud engulfs the worker ant.
The worker ant is lightly wounded.
The stinking cloud engulfs the flayed ghost.
The flayed ghost appears unharmed.
The stinking cloud engulfs the white ugly thing.
You hear a shout!
The worker ant is engulfed in noxious fumes.
The worker ant appears confused.
The troll is engulfed in noxious fumes.
The white ugly thing is engulfed in noxious fumes.
Unknown command.
You hit the troll but do no damage.
The worker ant is engulfed in noxious fumes.
The worker ant appears confused.
The white ugly thing is engulfed in noxious fumes.
The troll is engulfed in blazing flames.
The troll bites you!
* * * LOW HITPOINT WARNING * * *
You block the troll's attack. The troll completely misses you.
Unknown command.
The troll is engulfed in blazing flames.
A tengu reaver comes into view. It is wielding a +0 dire flail.
You hit the troll but do no damage.
The troll is heavily wounded.
The troll completely misses you. You block the troll's attack. x2
Casting: Mephitic Cloud (safe; 1% risk of failure)
Confirm with . or Enter, or press ? or * to list all spells.
You blink.
The worker ant is engulfed in noxious fumes.
The worker ant appears confused.
The worker ant bites itself.
The white ugly thing is engulfed in blazing flames.
As you read the scroll of teleportation, it crumbles to dust.
You feel strangely unstable.
The worker ant is engulfed in noxious fumes.
The worker ant appears confused.
The white ugly thing is engulfed in noxious fumes.
The white ugly thing appears confused.
The white ugly thing tentacle-slaps the worker ant!
The worker ant is killed!
The flayed ghost completely misses you.
The tengu reaver points at you and mumbles some strange words.
The fireball explodes!
The fireball engulfs you!
You die...
Your body crumbles into a pile of gold.

..#..####
..###...#
..# #...#
..#
#...#####
..#
####....#
..# #....#
..# #....#
..#
#...T######
..#
#####§...@#
..# #.uW..#
..# #.§$..#
### #...Q.#
#.....#
######..
... ... ...


You could see a tengu reaver, a white ugly thing (confused), a flayed ghost and
a troll.

Vanquished Creatures
  4 hydras
  A catoblepas (Lair:5)
  2 two-headed ogres
  4 death yaks
  2 unseen horrors
  A wizard (D:12)
  Pikel (D:5)
  A mana viper (D:12)
  A manticore (D:12)
  An ugly thing (D:12)
  2 cyclopes (D:12)
  7 black mambas
  Maurice (D:9)
  A centaur zombie (D:10)
  20 spiny frogs
  9 rime drakes
  11 komodo dragons
  A jumping spider (Lair:3)
  2 polar bears
  2 trolls
  A hornet (D:11)
  36 blink frogs
  Grinder (D:6)
  10 hippogriffs
  3 tyrant leeches (Lair:6)
  A meliai zombie (D:12)
  7 wyverns
  A shadow (D:11)
  A redback (Lair:3)
  A wraith (D:10)
  4 hogs (D:9)
  15 yaks
  A human (D:9)
  4 steam dragons (Lair:6)
  2 basilisks (Lair:5)
  10 vampire mosquitoes
  3 hungry ghosts
  Menkaure (D:6)
  Duvessa (D:7)
  13 water moccasins
  8 porcupines
  10 orc warriors
  5 sky beasts
  2 ice beasts (D:8)
  2 black bears
  2 necrophages
  2 phantoms
  5 wolves
  11 ogres
  4 centaurs
  A tengu (D:9)
  15 crocodiles
  A big kobold (D:11)
  22 bullfrogs
  Dowan (D:7)
  4 scorpions
  13 killer bees
  2 electric eels (Lair:6)
  4 howler monkeys
  A bullfrog zombie (D:7)
  6 crimson imps
  3 centaur skeletons
  9 orc priests
  9 hounds
  10 orc wizards
  4 bullfrog skeletons
  3 iguanas
  4 hell rats (D:8)
  8 worker ants
  A worker ant zombie (D:6)
  A gnoll (D:3)
  7 adders
  6 river rats (D:8)
  2 shadow imps
  An ooze (D:7)
  An adder skeleton (D:8)
  A worm (D:4)
  3 dart slugs
  7 leopard geckos
  69 orcs
  A giant cockroach (D:6)
  9 goblins
  4 hobgoblins
  3 jackals (D:1)
  10 kobolds
  8 quokkas
  2 ball pythons (D:4)
  6 bats
  5 frilled lizards
  17 rats
  A fungus (Lair:1)
526 creatures vanquished.

Vanquished Creatures (collateral kills)
  A sky beast (D:6)
  2 slaves (D:6)
  2 wolves (Lair:4)
  A scorpion (D:4)
  2 howler monkeys (D:5)
  A hound (D:2)
  3 orc wizards
  An orc priest (D:6)
  3 adders
  6 gnolls (D:4)
  2 worms
  A dart slug (D:2)
  4 orcs
  A bat (D:3)
  2 goblins
  2 hobgoblins
  A jackal (D:1)
  A kobold (D:3)
  3 rats (D:2)
39 creatures vanquished.

Vanquished Creatures (others)
  An orc warrior (D:6)
  A slave (D:6)
  A centaur (Lair:2)
  An orc wizard (D:11)
  A leopard gecko (D:7)
  A goblin (D:10)
  A kobold (D:11)
  9 fungi
  27 plants
43 creatures vanquished.

Grand Total: 608 creatures vanquished

Notes
Turn   | Place    | Note
-------+----------+-------------------------------------------
     0 | D:1      | Flugkiller the Octopode Wizard began the quest for the Orb.
     0 | D:1      | Reached XP level 1. HP: 11/11 MP: 4/4
   113 | D:1      | Reached XP level 2. HP: 17/17 MP: 1/6
   584 | D:1      | Learned a level 2 spell: Call Imp
   942 | D:1      | Reached XP level 3. HP: 21/21 MP: 0/7
  1007 | D:1      | Learned a level 3 spell: Conjure Flame
  1346 | D:2      | Found a white marble altar of Elyvilon.
  1437 | D:2      | Found a glowing silver altar of Zin.
  2066 | D:2      | Found a burning altar of Makhleb.
  2151 | D:2      | Reached XP level 4. HP: 27/27 MP: 5/9
  2194 | D:2      | Found a shimmering altar of Xom.
  2194 | D:2      | Found a shimmering altar of Xom.
  2602 | D:2      | Learned a level 3 spell: Mephitic Cloud
  2652 | D:2      | Found an iron altar of Okawaru.
  2947 | D:3      | Reached skill level 1 in Fire Magic
  4303 | D:3      | Reached skill level 1 in Poison Magic
  4315 | D:3      | Reached XP level 5. HP: 30/31 MP: 5/10
  4798 | D:3      | Reached skill level 1 in Air Magic
  5392 | D:4      | Got a shimmering dagger
  5394 | D:4      | Identified the +8 dagger of Teuti {pierce, Dex+2} (You took
                  | it off a gnoll on level 4 of the Dungeon)
  5496 | D:4      | Reached XP level 6. HP: 36/36 MP: 12/12
  5572 | D:4      | Found Ciogg's Magic Scroll Emporium.
  5580 | D:4      | Bought a scroll of fog for 20 gold pieces
  6088 | D:5      | Entered Level 5 of the Dungeon
  6088 | D:5      | Noticed a sky beast
  6177 | D:4      | Killed a sky beast
  6177 | D:4      | Reached skill level 1 in Shields
  6361 | D:5      | Noticed a phantom
  6382 | D:5      | Killed a phantom
  6382 | D:5      | Reached XP level 7. HP: 30/41 MP: 11/14
  6562 | D:5      | Reached skill level 5 in Spellcasting
  6920 | D:5      | Found an opulent altar of Gozag.
  6920 | D:5      | Found a sparkling altar of Nemelex Xobeh.
  6930 | D:5      | Became a worshipper of Gozag Ym Sagoz the Greedy
  6960 | D:6      | Found a bloodstained altar of Trog.
  7018 | D:6      | Found a glowing golden altar of the Shining One.
  7176 | D:6      | Found a shattered altar of Ashenzari.
  7183 | D:6      | Noticed Pikel
  7235 | D:5      | Killed Pikel
  7235 | D:5      | Reached skill level 5 in Conjurations
  7235 | D:5      | Reached XP level 8. HP: 46/46 MP: 8/16
  7420 | D:6      | Noticed Menkaure
  7554 | D:6      | Killed Menkaure
  7611 | D:6      | Found a basalt altar of Yredelemnul.
  7611 | D:6      | Noticed Grinder
  7673 | D:6      | Killed Grinder
  7800 | D:6      | Reached XP level 9. HP: 41/51 MP: 14/20
  8073 | D:7      | Reached skill level 1 in Fighting
  8380 | D:7      | Found a shadowy altar of Dithmenos.
  9189 | D:7      | Learned a level 2 spell: Blink
  9269 | D:7      | Noticed Duvessa
  9269 | D:7      | Noticed Dowan
  9362 | D:7      | Found a staircase to the Ecumenical Temple.
  9515 | D:7      | Reached skill level 5 in Dodging
  9641 | D:7      | Killed Duvessa
  9647 | D:7      | Killed Dowan
  9755 | D:8      | Reached skill level 5 in Fighting
  9931 | D:8      | Reached XP level 10. HP: 42/66 MP: 10/21
 11010 | D:8      | Identified a scroll of acquirement
 11011 | D:8      | Got a translucent hat
 11022 | D:8      | Identified the +2 hat "Koidajad" {rC+} (You acquired it on
                  | level 8 of the Dungeon)
 11292 | D:9      | Noticed a death yak
 11704 | D:8      | Killed a death yak
 11921 | D:9      | Reached skill level 1 in Evocations
 12117 | D:9      | Found a staircase to the Lair.
 12356 | D:9      | Reached skill level 5 in Stealth
 12376 | D:9      | Noticed Maurice
 12410 | D:9      | Killed Maurice
 12504 | D:9      | Found a deep blue altar of Sif Muna.
 12606 | D:9      | Reached skill level 1 in Polearms
 12626 | D:9      | Reached XP level 11. HP: 72/72 MP: 19/22
 12760 | D:9      | Found a burning altar of Makhleb.
 12837 | D:9      | Reached skill level 2 in Polearms
 13234 | D:9      | Found an ancient bone altar of Kikubaaqudgha.
 13533 | D:9      | Found a blossoming altar of Fedhas.
 13655 | Lair:1   | Entered Level 1 of the Lair of Beasts
 13774 | Lair:1   | Reached skill level 3 in Polearms
 14641 | Lair:1   | Reached skill level 4 in Polearms
 15908 | Lair:2   | Reached skill level 5 in Polearms
 15921 | Lair:2   | Reached skill level 10 in Dodging
 15955 | Lair:2   | Noticed a death yak
 15955 | Lair:2   | Noticed a death yak
 15956 | Lair:2   | Noticed a death yak
 16551 | Lair:2   | Noticed a death yak
 16715 | Lair:2   | Found a staircase to the Shoals.
 16744 | Lair:2   | Reached skill level 6 in Polearms
 16997 | Lair:2   | Noticed an oklob plant
 16997 | Lair:2   | Noticed an oklob plant
 17430 | Lair:2   | Reached skill level 7 in Polearms
 18090 | Lair:2   | Reached XP level 12. HP: 68/81 MP: 13/23
 18109 | Lair:2   | Reached skill level 8 in Polearms
 18846 | Lair:3   | Found a hole to the Spider Nest.
 19269 | Lair:3   | Reached skill level 9 in Polearms
 19803 | Lair:3   | Noticed a four-headed hydra
 19969 | Lair:3   | First useful ring! Ring of stealth...
 20126 | Lair:3   | Killed a four-headed hydra
 20126 | Lair:3   | Reached skill level 10 in Polearms
 20421 | Lair:3   | Got a faintly glowing war axe
 20422 | Lair:3   | Identified the +2 war axe "Farphiet" {antimagic, +Inv
                  | Int+6} (You found it on level 3 of the Lair of Beasts)
 21191 | Lair:4   | Got a fine lapis lazuli ring
 21192 | Lair:4   | Identified the ring of Grace {MR+ Dex+4} (You found it on
                  | level 4 of the Lair of Beasts)
 21602 | Lair:4   | Reached skill level 11 in Polearms
 23482 | Lair:5   | Reached skill level 12 in Polearms
 23658 | Lair:5   | Found a staircase to the Slime Pits.
 23937 | Lair:6   | Entered Level 6 of the Lair of Beasts
 24632 | Lair:5   | Reached XP level 13. HP: 83/86 MP: 21/24
 25251 | Lair:5   | Found a staircase to the Slime Pits.
 25627 | Lair:5   | Reached skill level 13 in Polearms
 28030 | Lair:6   | Reached skill level 14 in Polearms
 29395 | Lair:5   | Bought a ration for 50 gold pieces
 29395 | Lair:5   | Bought a ration for 50 gold pieces
 29395 | Lair:5   | Bought a ration for 50 gold pieces
 29395 | Lair:5   | Bought a ration for 50 gold pieces
 29395 | Lair:5   | Bought a ration for 50 gold pieces
 29395 | Lair:5   | Bought a ration for 50 gold pieces
 29395 | Lair:5   | Bought a ration for 50 gold pieces
 29395 | Lair:5   | Bought a ration for 50 gold pieces
 29395 | Lair:5   | Bought a ration for 50 gold pieces
 29395 | Lair:5   | Bought a ration for 50 gold pieces
 31700 | Lair:6   | Reached XP level 14. HP: 85/92 MP: 18/25
 31733 | Lair:6   | Got a scorched halberd
 31771 | Lair:6   | Identified the +5 halberd of the Pyrrhic Victory {chop,
                  | Int+3} (You found it on level 6 of the Lair of Beasts)
 32758 | D:10     | Entered Level 10 of the Dungeon
 32845 | D:10     | Found a staircase to the Orcish Mines.
 33747 | D:10     | Identified the Tome of Creative Evil Rites (You acquired it
                  | on level 10 of the Dungeon)
 33753 | D:10     | Learned a level 3 spell: Regeneration
 33758 | D:10     | Learned a level 4 spell: Summon Ice Beast
 34001 | D:11     | Reached skill level 1 in Charms
 34287 | D:10     | Reached skill level 1 in Necromancy
 34802 | D:10     | Reached skill level 1 in Ice Magic
 36057 | D:12     | Holy fuck I got some good fucking books
 36852 | D:12     | Identified the +7 rapier "Imuypty" {venom, *Corrode rPois
                  | Dex+6}
 37604 | D:12     | Noticed a tengu reaver
 37608 | D:12     | Killed from afar by a tengu reaver

Vault maps used:
D:1:      erik_arrival_cave_to_civilisation, serial_bayou_pond_d
D:2:      nicolae_overflow_crystal_walls, xom_redecorated, elyvilon_altar_4,
          old_standard_altar, first_ration, makhleb_heckhound_becter
D:4:      serial_shops, shop
D:5:      grunt_temple_overflow_opulence, st_stairs_10
D:6:      lemuel_crystal_altar, yredelemnul_altar_generic,
          overflow_temple_1_default, tso_altar, serial_park_tiny_2,
          minmay_misc_feat_cross, uniq_pikel, uniq_menkaure, uniq_grinder
D:7:      temple_fountains, basic_altar, uniq_duvessa
D:8:      lemuel_ratsnest
D:9:      old_standard_altar, kiku_gazebo_garden_becter, lemuel_doored_altar,
          david_lair_generic, grunt_livestock, fedhas_altar_1, uniq_maurice
D:10:     erik_orc_3, minmay_misc_feat_roman
D:11:     lemuel_old_faithful
D:12:     minmay_expanding_squares, serial_glass, glass_columns_a,
          glass_columns_b, glass_columns_c, glass_columns_b, glass_columns_a,
          glass_columns_b, glass_columns_a, glass_columns_a, glass_columns_c,
          glass_columns_b, due_unseen_surprise
Lair:1:   infiniplex_staircase_pool_2
Lair:2:   elwin_shoals_entry_rooms, chequers_serial_rivers_large_b,
          forest_entry_grove, minmay_lair_oklob_chamber, grunt_megastairs_1
Lair:3:   spider_nest_entry_a
Lair:4:   hangedman_lair_unloving_vines, grunt_megastairs_2,
          lemuel_fruit_fields, infiniplex_staircase_pool
Lair:5:   dpeg_slime_entry_corner
Lair:6:   minmay_lair_end_frog_pond, portal_ice_cave_demonic_guard,
          bobbens_dragon_lair_wall

Skill      XL: |  1  2  3  4  5  6  7  8  9 10 11 12 13 14 |
---------------+-------------------------------------------+-----
Conjurations   | 2 3 4 5 |  5.7
Fire Magic     | 1 |  1.0
Poison Magic   | 1 |  1.0
Summonings     | 2 3 |  3.9
Air Magic      | 1 |  1.2
Spellcasting   | 4 5 7 8 |  8.2
Shields        | 2 4 |  4.2
Fighting       | 5 6 7 8 |  8.1
Dodging        | 5 8 10 12 13 | 13.8
Translocations | 2 |  2.1
Stealth        | 5 |  5.1
Evocations     | 4 |  4.2
Polearms       | 1 7 12 14 | 14.0
Charms         | 2 |  2.0
Necromancy     | 2 |  2.0
Ice Magic      | 2 |  2.0

Action                   |  1- 3 |  4- 6 |  7- 9 | 10-12 | 13-15 || total
-------------------------+-------+-------+-------+-------+-------++-------
Melee: Unarmed           |     4 |       |       |       |       ||     4
       Tentacles         |     5 |     7 |    18 |    92 |   196 ||   318
       Constrict         |     7 |    17 |    26 |    76 |   120 ||   246
       Short sword       |    24 |    54 |       |       |       ||    78
       Dagger            |       |    25 |   119 |   437 |       ||   581
       Trident           |       |       |       |   202 |  1315 ||  1517
 Cast: Magic Dart        |    50 |    41 |   109 |   303 |   111 ||   614
       Call Imp          |    19 |    66 |    30 |     6 |       ||   121
       Conjure Flame     |       |     1 |     4 |    65 |    95 ||   165
       Mephitic Cloud    |       |       |    22 |    45 |    48 ||   115
       Blink             |       |       |     1 |    38 |    54 ||    93
Invok: Call Merchant     |       |       |       |       |     1 ||     1
Evoke: Wand              |       |       |       |    18 |     3 ||    21
  Use: Scroll            |       |    13 |    10 |    10 |     5 ||    38
       Potion            |       |       |     2 |     5 |     1 ||     8
 Stab: Sleeping          |     1 |     3 |     1 |    12 |     8 ||    25
       Distracted        |       |     2 |     1 |       |     3 ||     6
       Confused          |       |       |     5 |    22 |    37 ||    64
       Betrayed ally     |       |       |       |     1 |       ||     1
  Eat: Chunk             |     4 |    10 |     1 |       |       ||    15
       Ration            |       |     1 |     4 |    13 |    13 ||    31
Armor: Skin              |     8 |     6 |     7 |    27 |    32 ||    80
Dodge: Dodged            |    32 |    61 |    67 |   348 |   496 ||  1004
Block: Other             |       |       |     1 |       |       ||     1
       Buckler           |       |       |    23 |   164 |   286 ||   473
       Reflection        |       |       |     2 |     4 |    14 ||    20

Table legend:
 A = Non-vault XP
 B = Vault XP
 C = Vault XP percentage of total XP
 D = Non-vault monster count
 E = Vault monster count
 F = Vault count percentage of total count
                 A         B        C        D         E       F
            +---------+---------+-------+---------+---------+-------
      Total |   50752 |   26894 |  34.6 |     410 |     156 |  27.6
            +---------+---------+-------+---------+---------+-------
        D:1 |      42 |       0 |   0.0 |      22 |       0 |   0.0
        D:2 |      46 |      22 |  32.4 |      20 |       1 |   4.8
        D:3 |     130 |       0 |   0.0 |      23 |       0 |   0.0
        D:4 |     205 |     108 |  34.5 |      20 |       1 |   4.8
        D:5 |     290 |     643 |  68.9 |       8 |       2 |  20.0
        D:6 |     951 |     387 |  28.9 |      25 |       2 |   7.4
        D:7 |    1350 |     230 |  14.6 |      29 |       2 |   6.5
        D:8 |    1521 |    1282 |  45.7 |      26 |      33 |  55.9
        D:9 |    1716 |    1679 |  49.5 |      30 |       8 |  21.1
       D:10 |    5298 |     658 |  11.0 |      43 |      19 |  30.6
       D:11 |    3808 |     219 |   5.4 |      36 |       1 |   2.7
       D:12 |    4731 |    4595 |  49.3 |      15 |      13 |  46.4
     Lair:1 |    3572 |       0 |   0.0 |      18 |       0 |   0.0
     Lair:2 |    4188 |    1708 |  29.0 |      16 |      12 |  42.9
     Lair:3 |    2735 |     517 |  15.9 |       8 |       2 |  20.0
     Lair:4 |    3582 |     461 |  11.4 |      16 |       2 |  11.1
     Lair:5 |   11596 |    8288 |  41.7 |      35 |      30 |  46.2
     Lair:6 |    4991 |    6097 |  55.0 |      20 |      28 |  58.3
            +---------+---------+-------+---------+---------+-------
